 Dungeon Crawl Stone Soup version 0.27-a0-1278-g6cbc8dfb29 (webtiles) character file.

Game seed: 17666019311179689734

74 Zeld the Ducker (level 4, 0/33 HPs)
             Began as a Djinni Transmuter on June 12, 2021.
             Slain by a goblin (3 damage)
             ... led by Robin
             ... on level 2 of the Dungeon.
             The game lasted 00:03:21 (3034 turns).

Zeld the Ducker (Djinni Transmuter)                 Turns: 3034, Time: 00:03:22

Health: 0/33       AC:  4    Str: 10    XL:     4   Next: 52%
Gold:   19         EV: 13    Int: 14    God:
                   SH:  0    Dex: 14

rFire    + + .     SeeInvis .     - Unarmed
rCold    x . .     Faith    .   (no shield)
rNeg     . . .     Spirit   .   a - +0 robe
rPois    ∞         Reflect  .   (no helmet)
rElec    .         Harm     .   e - +1 cloak
rCorr    .         Rampage  .   (no gloves)
Will     .....                  (boots unavailable)
Stlth    +.........             (no amulet)
HPRegen  0.11/turn              (no ring)
MPRegen  0.00/turn              (no ring)

@: wereblooded, flying
A: sickness immunity, fire resistance 2, cold vulnerability 1, float, innate
caster, hp casting, extra vitality 1
a: no special abilities


You were on level 2 of the Dungeon.
You visited 1 branch of the dungeon, and saw 2 of its levels.

You collected 19 gold pieces.

Inventory:

Armour
 a - a +0 robe (worn)
 e - a +1 cloak (worn)
Potions
 b - a potion of haste
 c - a potion of resistance {unknown}
 d - 2 potions of lignification {unknown}
 f - a potion of heal wounds {unknown}


   Skills:
 + Level 2.0 Fighting
 + Level 3.1 Dodging
 - Level 3.0 Unarmed Combat
 * Level 2.6 Spellcasting


You couldn't memorise any spells.
You knew the following spells:

 Your Spells              Type           Power      Damage    Failure   Level
a - Beastly Appendage     Tmut           18%        N/A       8%          1
b - Wereblood             Tmut           9%         N/A       12%         2
c - Spider Form           Tmut/Pois      4%         N/A       22%         3
d - Ice Form              Ice/Tmut       9%         N/A       58%         4
e - Shock                 Conj/Air       36%        1d5       8%          1
Your spell library was empty.

Dungeon Overview and Level Annotations

Branches:
Dungeon (2/15)

Altars:

Annotations:
D:2 Robin


Innate Abilities, Weirdness & Mutations

You are immune to sickness and miasma.
You are immune to poison.
Your flesh is very heat resistant. (rF++)
You are vulnerable to cold. (rC-)
You float through the air rather than walking.
You learn spells naturally, not from books.
Your magical power is your life essence.
You have superior vitality. (+4 HP)


Message History

The hobgoblin closely misses you. The goblin misses you. x2
The goblin hits you but does no damage.
Unknown command.
You barely miss the goblin.
The goblin is heavily wounded.
The hobgoblin hits you. The goblin closely misses you. x2
The goblin hits you with a +0 club.
Unknown command.
You closely miss the goblin.
The goblin is heavily wounded.
The hobgoblin barely misses you. The goblin barely misses you.
The goblin hits you with a +0 club. The goblin misses you.
Unknown command.
You are too injured to fight recklessly!
You are too injured to fight recklessly!
Unknown command.
You are too injured to fight recklessly!
You hit the hobgoblin.
The hobgoblin is moderately wounded.
The hobgoblin barely misses you. The goblin barely misses you.
The goblin hits you with a +0 club. The goblin hits you but does no damage.
You hit the hobgoblin.
The hobgoblin is almost dead.
The hobgoblin barely misses you.
The goblin hits you but does no damage. x2
Robin drinks a potion.
Robin seems to speed up.
The goblin hits you with a +0 club.
* * * LOW HITPOINT WARNING * * *
Unknown command.
You punch the hobgoblin!
You feel a bit better.
You kill the hobgoblin!
Robin throws the goblin at you!
* * * LOW HITPOINT WARNING * * *
The goblin barely misses you. x2; The goblin closely misses you.
The goblin hits you with a +0 club.
* * * LOW HITPOINT WARNING * * *
You hit the goblin but do no damage.
The goblin hits you with a +1 dagger of protection.
* * * LOW HITPOINT WARNING * * *
The goblin misses you. The goblin hits you with a +0 club.
You die...

..........# #.#.......
....############.#.......
....#........>...........
....#<........##.#.......
....####......##.#.......
..............##.#.......
....####......##.#.......
##### ######.##g########
#.gg@g.......
......#g########
......gg# ......###
...... ..... ..... ####+
.... #.... .... #(...


You could see Robin (fast), 2 hobgoblins and 4 goblins.

Vanquished Creatures
  2 gnolls
  2 dart slugs (D:1)
  6 ball pythons
  4 endoplasms
  A giant cockroach (D:1)
  10 goblins
  6 hobgoblins
  3 jackals (D:1)
  3 kobolds (D:1)
  A quokka (D:1)
  4 bats
  A rat (D:1)
43 creatures vanquished.

Notes
Turn   | Place    | Note
-------+----------+-------------------------------------------
     0 | D:1      | Zeld the Djinni Transmuter began the quest for the Orb.
     0 | D:1      | Reached XP level 1. HP: 17/17 MP: 0/0
   356 | D:1      | Reached XP level 2. HP: 17/22 MP: 0/0
  1230 | D:1      | Reached XP level 3. HP: 15/27 MP: 0/0
  1230 | D:1      | Learned a level 1 spell: Shock
  2035 | D:2      | Reached XP level 4. HP: 6/33 MP: 0/0
  3013 | D:2      | Noticed Robin
  3034 | D:2      | Slain by a goblin

Illustrated notes

Levels and vault maps discovered:
D:1:      lemuel_arrival_rhombus, layout_loops_cross, minmay_tripent
D:2:      layout_basic, hellmonk_ecumenical_altar_lost_god,
          minmay_indecisive_spiral, uniq_robin

Skill      XL: |  1  2  3  4 |
---------------+-------------+-----
Spellcasting   | 2 |  2.6
Dodging        | 3 |  3.1
Fighting       | 2 |  2.0
Unarmed Combat | |  3.0

Action                   |  1- 3 |  4- 6 || total
-------------------------+-------+-------++-------
Melee: Unarmed           |   107 |    31 ||   138
       Headbutt          |    11 |     2 ||    13
       Punch             |     1 |       ||     1
 Cast: Beastly Appendage |    15 |     1 ||    16
       Wereblood         |     1 |     1 ||     2
       Spider Form       |     4 |     2 ||     6
Armor: Robe              |    24 |    13 ||    37
       Skin              |     1 |       ||     1
Dodge: Dodged            |    81 |    40 ||   121

Table legend: (Time is in decaauts)
 A = Elapsed time spent in this place.
 B = Non-inter-level travel time spent in this place.
 C = Inter-level travel time spent in this place.
 D = Time resting spent in this place.
 E = Time spent auto-exploring this place.
 F = Levels seen in this place.
 G = Mean time per level.
                   A        B        C        D        E       F      G
               +--------+--------+--------+--------+--------+-----+--------+
         Total |   3029 |   3004 |     25 |    808 |   1802 |   2 | 1514.5 |
       Dungeon |   3029 |   3004 |     25 |    808 |   1802 |   2 | 1514.5 |
               +--------+--------+--------+--------+--------+-----+--------+

Top non-repeatable levels by time:
     D:1: 2750 daAuts
     D:2: 279 daAuts
